AAA
MONTERREY KILLER WHALES @ ALLENTOWN A'S
07/06/2059
 
TOP OF THE 1ST
Monterrey Killer Whales batting - Pitching for Allentown A's : RHP Dylon Jenkins
Pitching: RHP Dylon Jenkins
Batting: LHB Ray Seevers 0-0: Ball
1-0: Swinging Strike
1-1: Ball
2-1: Called Strike
2-2: Foul Ball, location: 2F
2-2: Strikes out swinging
Batting: LHB Kagan Abbasi 0-0: Ground out 6-3 (Groundball, 6, EV 108.1 MPH)
Batting: LHB Tito Monyagishali 0-0: Ball
1-0: SINGLE (Groundball, 3D, EV 103.8 MPH)
Batting: LHB Tony May 0-0: Called Strike
0-1: Foul Ball, location: 2F
0-2: Ball
1-2: Ground out 4-3 (Groundball, 34, EV 106.2 MPH)
Top of the 1st over - 0 runs, 1 hit, 0 errors, 1 left on base; Monterrey 0 - Allentown 0
BOTTOM OF THE 1ST
Allentown A's batting - Pitching for Monterrey Killer Whales : RHP Jaden Holtz
Pitching: RHP Jaden Holtz
Batting: RHB Fraser Bishop 0-0: Swinging Strike
0-1: Ball
1-1: Swinging Strike
1-2: Ground out 6-3 (Groundball, 6, EV 83.8 MPH)
Batting: LHB Preston Capps 0-0: Fly out, F9 (Flyball, 9S, EV 83.1 MPH)
Batting: RHB Allan Jett 0-0: SINGLE (Groundball, 56D, EV 102.5 MPH)
Batting: LHB Cole Marshall 0-0: Called Strike
0-1: Ball
1-1: Ball
2-1: Called Strike
2-2: Ball
3-2: Base on Balls
Allan Jett to second
Batting: LHB Spencer Murdock 0-0: Called Strike
0-1: Called Strike
0-2: Foul Ball, location: 2F
0-2: SINGLE (Flyball, 7LS, EV 97.5 MPH)
Allan Jett to third
Cole Marshall to second
Runner from 3rd tries for Home, SAFE, throw by LF to home
Batting: SHB Gage Wilson 0-0: Ball
1-0: Swinging Strike
1-1: Ball
2-1: Swinging Strike
2-2: Ball
3-2: Strikes out swinging
Bottom of the 1st over - 1 run, 2 hits, 0 errors, 2 left on base; Monterrey 0 - Allentown 1
TOP OF THE 2ND
Monterrey Killer Whales batting - Pitching for Allentown A's : RHP Dylon Jenkins
Batting: RHB Dooley Nagelhout 0-0: Ball
1-0: SINGLE (Groundball, 6, EV 99.4 MPH)
Batting: LHB Kade Cotto 0-0: Fly out, F7 (Line Drive, 7, EV 93.8 MPH)
Batting: RHB Jaren Toone 0-0: Ground out 6-3 (Groundball, 6D, EV 98.1 MPH)
Dooley Nagelhout to second
Batting: RHB Jakob Barnes 0-0: Ball
1-0: SINGLE (Groundball, 56, EV 76.9 MPH) (infield hit)
Dooley Nagelhout to third
Batting: RHB Donovan Bergin 0-0: Called Strike
0-1: SINGLE (Groundball, 3D, EV 101.9 MPH)
Dooley Nagelhout scores
Jakob Barnes to second
Runner from 2nd tries for 3rd, SAFE, no throw by RF
Batting: LHB Ray Seevers 0-0: Called Strike
0-1: Swinging Strike
0-2: Ball
1-2: Fly out, F6 (Popup, 56D, EV 48.8 MPH)
Top of the 2nd over - 1 run, 3 hits, 0 errors, 2 left on base; Monterrey 1 - Allentown 1
BOTTOM OF THE 2ND
Allentown A's batting - Pitching for Monterrey Killer Whales : RHP Jaden Holtz
Batting: RHB Tracy Wick 0-0: Called Strike
0-1: Ball
1-1: Foul Ball, location: 2F
1-2: Fly out, F8 (Flyball, 8LD, EV 76.2 MPH)
Batting: RHB Ian Seefeldt 0-0: Ball
1-0: Fly out, F9 (Flyball, 9LSF, EV 92.5 MPH)
Batting: RHB Nic Muth 0-0: Ground out 4-3 (Groundball, 4, EV 85.0 MPH)
Bottom of the 2nd over - 0 runs, 0 hits, 0 errors, 0 left on base; Monterrey 1 - Allentown 1
TOP OF THE 3RD
Monterrey Killer Whales batting - Pitching for Allentown A's : RHP Dylon Jenkins
Batting: LHB Kagan Abbasi 0-0: Ball
1-0: Ball
2-0: Foul Ball, location: 2F
2-1: Fly out, F8 (Flyball, 8RM, EV 90.0 MPH)
Batting: LHB Tito Monyagishali 0-0: Called Strike
0-1: Swinging Strike
0-2: Foul Ball, location: 2F
0-2: Ball
1-2: Ball
2-2: Ball
3-2: SOLO HOME RUN (Line Drive, 7D, EV 98.8 MPH), Distance : 385 ft
Batting: LHB Tony May 0-0: Ball
1-0: Fly out, F8 (Flyball, 89M, EV 92.5 MPH)
Batting: RHB Dooley Nagelhout 0-0: Called Strike
0-1: Ball
1-1: Ball
2-1: Ball
3-1: Swinging Strike
3-2: Base on Balls
Batting: LHB Kade Cotto 0-0: Ball
1-0: SINGLE (Groundball, 34S, EV 61.9 MPH) (infield hit)
Dooley Nagelhout to second
Batting: RHB Jaren Toone Balk!
Dooley Nagelhout to third
Kade Cotto to second
0-0: Foul Ball, location: 2F
0-1: Swinging Strike
0-2: Ball
1-2: Ball
2-2: Strikes out looking
Top of the 3rd over - 1 run, 2 hits, 0 errors, 2 left on base; Monterrey 2 - Allentown 1
BOTTOM OF THE 3RD
Allentown A's batting - Pitching for Monterrey Killer Whales : RHP Jaden Holtz
Batting: RHB Fraser Bishop 0-0: Called Strike
0-1: Foul Ball, location: 2F
0-2: Strikes out swinging
Batting: LHB Preston Capps 0-0: Foul Ball, location: 2F
0-1: Ball
1-1: Ball
2-1: Ball
3-1: Ground out 6-3 (Groundball, 6MS, EV 83.1 MPH)
Batting: RHB Allan Jett 0-0: Called Strike
0-1: DOUBLE (Flyball, 8LXD, EV 96.9 MPH)
Batting: LHB Cole Marshall 0-0: Called Strike
0-1: Foul Ball, location: 2F
0-2: Ball
1-2: Strikes out swinging
Bottom of the 3rd over - 0 runs, 1 hit, 0 errors, 1 left on base; Monterrey 2 - Allentown 1
TOP OF THE 4TH
Monterrey Killer Whales batting - Pitching for Allentown A's : RHP Dylon Jenkins
Batting: RHB Jakob Barnes 0-0: Called Strike
0-1: Foul Ball, location: 2F
0-2: Ball
1-2: Strikes out looking
Batting: RHB Donovan Bergin 0-0: Foul Ball, location: 2F
0-1: Foul Ball, location: 2F
0-2: Strikes out swinging
Batting: LHB Ray Seevers 0-0: Ground out 1-3 (Groundball, 13S, EV 66.2 MPH)
Top of the 4th over - 0 runs, 0 hits, 0 errors, 0 left on base; Monterrey 2 - Allentown 1
BOTTOM OF THE 4TH
Allentown A's batting - Pitching for Monterrey Killer Whales : RHP Jaden Holtz
Batting: LHB Spencer Murdock 0-0: Ball
1-0: Swinging Strike
1-1: Ball
2-1: Ball
3-1: Called Strike
3-2: Fly out, F8 (Flyball, 8RD, EV 90.6 MPH)
Batting: SHB Gage Wilson 0-0: Ball
1-0: Ball
2-0: Foul Ball, location: 2F
2-1: Ball
3-1: Fly out, F8 (Line Drive, 8RD, EV 95.0 MPH)
Batting: RHB Tracy Wick 0-0: Ball
1-0: Ball
2-0: Called Strike
2-1: Called Strike
2-2: Strikes out swinging
Bottom of the 4th over - 0 runs, 0 hits, 0 errors, 0 left on base; Monterrey 2 - Allentown 1
TOP OF THE 5TH
Monterrey Killer Whales batting - Pitching for Allentown A's : RHP Dylon Jenkins
Batting: LHB Kagan Abbasi 0-0: Foul Ball, location: 2F
0-1: Ball
1-1: Ball
2-1: Called Strike
2-2: SINGLE (Groundball, 4MD, EV 95.6 MPH)
Batting: LHB Tito Monyagishali 0-0: Ball
1-0: Ball
2-0: Ball
3-0: Base on Balls
Kagan Abbasi to second
Batting: LHB Tony May 0-0: Ball
1-0: SINGLE (Groundball, 4D, EV 96.2 MPH)
Kagan Abbasi to third
Tito Monyagishali to second
Runner from 3rd tries for Home, SAFE, throw by RF to home
Batting: RHB Dooley Nagelhout 0-0: Ball
1-0: Swinging Strike
1-1: Ball
2-1: Called Strike
2-2: Strikes out looking
Pitching: RHP Donald Robinson
Batting: LHB Kade Cotto 0-0: SINGLE (Line Drive, 6D, EV 98.8 MPH)
Tito Monyagishali to third
Tony May to second
Batting: RHB Jaren Toone 0-0: Ball
1-0: Called Strike
1-1: Ball
2-1: Ball
3-1: Base on Balls
Tito Monyagishali scores
Tony May to third
Kade Cotto to second
Batting: RHB Jakob Barnes 0-0: Called Strike
0-1: Ball
1-1: Swinging Strike
1-2: Foul Ball, location: 2F
1-2: Ball
2-2: Ball
3-2: Strikes out swinging
Batting: RHB Donovan Bergin 0-0: Swinging Strike
0-1: Called Strike
0-2: Ball
1-2: Strikes out looking
Top of the 5th over - 2 runs, 3 hits, 0 errors, 3 left on base; Monterrey 4 - Allentown 1
BOTTOM OF THE 5TH
Allentown A's batting - Pitching for Monterrey Killer Whales : RHP Jaden Holtz
Batting: RHB Ian Seefeldt 0-0: Called Strike
0-1: Ball
1-1: Ball
2-1: Called Strike
2-2: Fly out, F9 (Flyball, 9S, EV 93.1 MPH)
Batting: RHB Nic Muth 0-0: Ball
1-0: Ground out U3 (Groundball, 3S, EV 84.4 MPH)
Batting: RHB Fraser Bishop 0-0: Ball
1-0: Foul Ball, location: 2F
1-1: Called Strike
1-2: Foul Ball, location: 2F
1-2: SINGLE (Line Drive, 7LS, EV 99.4 MPH)
Batting: LHB Preston Capps 0-0: Ball
1-0: Foul Ball, location: 2F
1-1: Foul Ball, location: 2F
1-2: 2-RUN HOME RUN (Flyball, 9D, EV 103.8 MPH), Distance : 410 ft
Batting: RHB Allan Jett 0-0: Ball
1-0: Ground out 6-3 (Groundball, 6, EV 90.0 MPH)
Bottom of the 5th over - 2 runs, 2 hits, 0 errors, 0 left on base; Monterrey 4 - Allentown 3
TOP OF THE 6TH
Monterrey Killer Whales batting - Pitching for Allentown A's : RHP Donald Robinson
Batting: LHB Ray Seevers 0-0: Ball
1-0: Foul Ball, location: 2F
1-1: Ball
2-1: Called Strike
2-2: Ball
3-2: Foul Ball, location: 2F
3-2: Foul Ball, location: 2F
3-2: Base on Balls
Batting: LHB Kagan Abbasi 0-0: Called Strike
Ray Seevers steals 2nd base
0-1: Swinging Strike
0-2: Strikes out swinging
Batting: LHB Tito Monyagishali 0-0: Called Strike
0-1: SINGLE (Line Drive, 3D, EV 108.1 MPH)
Ray Seevers to third
Batting: LHB Tony May 0-0: Called Strike
0-1: Foul Ball, location: 2F
0-2: Strikes out looking
Batting: RHB Dooley Nagelhout 0-0: Swinging Strike
0-1: Ball
1-1: Ball
2-1: Ball
3-1: Foul Ball, location: 2F
3-2: SINGLE (Line Drive, 8LS, EV 93.1 MPH)
Ray Seevers scores
Tito Monyagishali to second
Tito Monyagishali to third
Batting: LHB Kade Cotto 0-0: Called Strike
0-1: Foul Ball, location: 2F
0-2: Strikes out swinging
Top of the 6th over - 1 run, 2 hits, 0 errors, 2 left on base; Monterrey 5 - Allentown 3
BOTTOM OF THE 6TH
Allentown A's batting - Pitching for Monterrey Killer Whales : RHP Jaden Holtz
Batting: LHB Cole Marshall 0-0: Ball
1-0: Called Strike
1-1: Foul Ball, location: 2F
1-2: Ball
2-2: Hit by Pitch
Batting: LHB Spencer Murdock 0-0: Called Strike
0-1: Ball
Wild Pitch!
Cole Marshall to second
1-1: Ball
2-1: Foul Ball, location: 2F
2-2: SINGLE (Groundball, 34D, EV 96.2 MPH)
Cole Marshall to third
Runner from 3rd tries for Home, SAFE, throw by RF to home
Batting: SHB Gage Wilson 0-0: Ball
1-0: Grounds into double play, 6-4-3 (Groundball, 6, EV 97.5 MPH)
Batting: RHB Tracy Wick 0-0: Ball
1-0: Ball
2-0: Foul Ball, location: 2F
2-1: Foul Ball, location: 2F
2-2: Foul Ball, location: 2F
2-2: Ball
3-2: Fly out, F9 (Line Drive, 9, EV 86.9 MPH)
Bottom of the 6th over - 1 run, 1 hit, 0 errors, 0 left on base; Monterrey 5 - Allentown 4
TOP OF THE 7TH
Monterrey Killer Whales batting - Pitching for Allentown A's : RHP Donald Robinson
Pitching: RHP Alonzo Young
Batting: RHB Jaren Toone 0-0: Called Strike
0-1: Swinging Strike
0-2: Strikes out looking
Batting: RHB Jakob Barnes 0-0: Ball
1-0: Foul Ball, location: 2F
1-1: Foul Ball, location: 2F
1-2: Strikes out swinging
Batting: RHB Donovan Bergin 0-0: Called Strike
0-1: Swinging Strike
0-2: Ball
1-2: SINGLE (Groundball, P, EV 88.8 MPH) (infield hit)
Batting: LHB Ray Seevers 0-0: Swinging Strike
0-1: Ball
1-1: Foul Ball, location: 2F
1-2: Hit by Pitch
Donovan Bergin to second
Batting: LHB Kagan Abbasi 0-0: Called Strike
0-1: Foul Ball, location: 2F
0-2: Ball
1-2: Ball
2-2: Ball
3-2: Ground out 5-3 (Groundball, 5L, EV 90.0 MPH)
Top of the 7th over - 0 runs, 1 hit, 0 errors, 2 left on base; Monterrey 5 - Allentown 4
BOTTOM OF THE 7TH
Allentown A's batting - Pitching for Monterrey Killer Whales : RHP Jaden Holtz
Batting: RHB Ian Seefeldt 0-0: Ball
1-0: SOLO HOME RUN (Flyball, 7D, EV 98.8 MPH), Distance : 377 ft
Pitching: RHP Efrain Hutcherson
Batting: RHB Nic Muth 0-0: Ball
1-0: Ground out 5-3 (Groundball, 5D, EV 105.6 MPH)
Batting: RHB Fraser Bishop 0-0: Foul Ball, location: 2F
0-1: DOUBLE (Line Drive, 8RXD, EV 107.5 MPH)
Batting: LHB Preston Capps 0-0: Ground out 5-3 (Groundball, 56S, EV 85.6 MPH)
Batting: RHB Allan Jett 0-0: 2-RUN HOME RUN (Flyball, 8RXD, EV 116.9 MPH), Distance : 461 ft
Batting: LHB Cole Marshall 0-0: Called Strike
0-1: Ball
1-1: Foul Ball, location: 2F
1-2: Ball
2-2: Ball
3-2: Fly out, F5 (Popup, 56S, EV 76.2 MPH)
Bottom of the 7th over - 3 runs, 3 hits, 0 errors, 0 left on base; Monterrey 5 - Allentown 7
TOP OF THE 8TH
Monterrey Killer Whales batting - Pitching for Allentown A's : RHP Alonzo Young
Batting: LHB Tito Monyagishali 0-0: Called Strike
0-1: Ball
1-1: Ball
2-1: Ball
3-1: Foul Ball, location: 2F
3-2: Fly out, F9 (Flyball, 89D, EV 101.9 MPH)
Batting: LHB Tony May 0-0: Called Strike
0-1: Ball
1-1: Ball
2-1: Called Strike
2-2: Foul Ball, location: 2F
2-2: Ball
3-2: Foul Ball, location: 2F
3-2: Strikes out looking
Batting: RHB Dooley Nagelhout 0-0: Ball
1-0: Called Strike
1-1: Foul Ball, location: 2F
1-2: Foul Ball, location: 2F
1-2: Ball
2-2: SINGLE (Groundball, 5L, EV 84.4 MPH) (infield hit)
Pitching: LHP Dakarai Johnson
Batting: LHB Kade Cotto 0-0: Ball
1-0: Ball
2-0: Swinging Strike
2-1: Foul Ball, location: 2F
2-2: Strikes out looking
Top of the 8th over - 0 runs, 1 hit, 0 errors, 1 left on base; Monterrey 5 - Allentown 7
BOTTOM OF THE 8TH
Allentown A's batting - Pitching for Monterrey Killer Whales : RHP Efrain Hutcherson
Batting: LHB Spencer Murdock 0-0: Called Strike
0-1: Ball
1-1: Ball
2-1: Ball
3-1: SINGLE (Groundball, 4MD, EV 98.8 MPH)
Batting: SHB Gage Wilson 0-0: Ball
1-0: Called Strike
1-1: Bunted foul
1-2: Foul Ball, location: 2F
1-2: Foul Ball, location: 2F
1-2: Fly out, F8 (Flyball, 8RD, EV 93.1 MPH)
Batting: RHB Tracy Wick 0-0: Called Strike
0-1: Foul Ball, location: 2F
0-2: Ball
1-2: Foul Ball, location: 2F
1-2: Strikes out swinging
Pitching: RHP David Warner
Batting: RHB Ian Seefeldt 0-0: Called Strike
0-1: Ball
1-1: Foul Ball, location: 2F
1-2: Strikes out swinging
Bottom of the 8th over - 0 runs, 1 hit, 0 errors, 1 left on base; Monterrey 5 - Allentown 7
TOP OF THE 9TH
Monterrey Killer Whales batting - Pitching for Allentown A's : LHP Dakarai Johnson
Now at 1B: Tracy Wick
Now at 2B: Gage Wilson
Now at SS: Edward Hagen
Now in LF: Allan Jett
Now in RF: Shane Campbell
Batting: RHB Jaren Toone 0-0: Ball
1-0: Ball
2-0: SINGLE (Groundball, 56S, EV 71.9 MPH) (infield hit)
Batting: RHB Jakob Barnes 0-0: Ball
1-0: Foul Ball, location: 2F
1-1: Foul Ball, location: 2F
1-2: Strikes out swinging
Batting: RHB Donovan Bergin 0-0: Foul Ball, location: 2F
0-1: Grounds into double play, 1-6-3 (Groundball, 13, EV 67.5 MPH)
Top of the 9th over - 0 runs, 1 hit, 0 errors, 0 left on base; Monterrey 5 - Allentown 7
Monday, March 11th , 2024 - OOTP Baseball 23.10 Build 110